 Dungeon Sprint DCSS version 0.31.0 (webtiles) character file.

Game seed: 480574814356455960

16123 Turgor the Severer (level 12, -2/95 (118) HPs)
             Began as a Minotaur Fighter on Jan 19, 2024.
             Was a Believer of Ru.
             Slain by a searing wretch (17 damage)
             ... in the Dungeon (Sprint V: "Ziggurat Sprint").
             The game lasted 00:16:18 (590 turns).

Turgor the Severer (Minotaur Fighter)                Turns: 590, Time: 00:16:20

HP:   -2/95 (118)   AC: 25    Str: 38    XL:     12   Next: 7%
MP:   11/11         EV:  2    Int:  5    God:    Ru [**....]
Gold: 0             SH: 30    Dex: 10    Spells: 11/11 levels left

rFire   + . .        O - +16 consecrated labrys {holy, Valiant ^Fragile Fly SInv}
rCold   + . .        G - +18 shield of the Gong {Loud rN+ Will+ rCorr EV-5}
rNeg    + . .        y - +5 gold dragon scales
rPois   +            (helmet restricted)
rElec   +            (no cloak)
rCorr   +            (no gloves)
SInv    +            (no boots)
Will    +....        (no amulet) Stlth
                     q - +6 ring of strength
HPRegen 0.35/turn    r - +6 ring of strength
MPRegen 0.12/turn

%: no teleportation
@: resistant, weakened, flying, heavily drained
A: horns 2, no potion heal 1, temperature sensitive, retaliatory headbutt
a: Renounce Religion


You were in the Dungeon.
You worshipped Ru.
Ru was pleased with you.
You visited 1 branch

Inventory:

Hand Weapons
 z - the +7 sceptre of Torment {pain, torment}
   (You found it in the Dungeon)
 A - a +5 broad axe
 B - the +6 Majin-Bo {spellvamp, MP+6 Int+6}
   (You found it in the Dungeon)

   Int+6:     It affects your intelligence (+6).
   MP+6:      It affects your magic capacity (+6).
 C - the +10 dark maul {heavy}
   (You found it in the Dungeon)
 D - the +27 heavy crossbow "Sniper" {heavy, Acc+∞ SInv}
   (You found it in the Dungeon)

   Acc+∞: It never misses its target.
   SInv:      It lets you see invisible.
 E - the +16 obsidian axe {drain, demonic, Mesm ^Drain Fly SInv}
   (You found it in the Dungeon)

   Mesm:      Its wielder is mesmerised by any visible foes, and it cannot be
   unequipped while any foes are visible.
   SInv:      It lets you see invisible.
   Fly:       It grants you flight.
   ^Drain:    It drains your maximum health when unequipped.
 O - the +16 consecrated labrys (weapon) {holy, Valiant ^Fragile Fly SInv}
   (You found it in the Dungeon)

   Valiant:   It becomes more powerful as more dangerous foes come into view.
   SInv:      It lets you see invisible.
   Fly:       It grants you flight.
   ^Fragile:  It will be destroyed if unequipped.
Armour
 y - +5 gold dragon scales (worn)
 F - the +15 Maxwell's patent armour {-Cast -Tele rElec Will+ rCorr}
   (You found it in the Dungeon)

   rElec:     It insulates you from electricity.
   Will+:     It increases your willpower.
   -Cast:     It prevents spellcasting.
   -Tele:     It prevents most forms of teleportation.
   rCorr:     It protects you from acid and corrosion.
 G - the +18 shield of the Gong (worn) {Loud rN+ Will+ rCorr EV-5}
   (You found it in the Dungeon)

   Loud:      It is deafeningly noisy when blocking attacks.
   EV-5:      It affects your evasion (-5).
   rN+:       It protects you from negative energy.
   Will+:     It increases your willpower.
   rCorr:     It protects you from acid and corrosion.
Jewellery
 l - a ring of flight
 m - a +6 ring of dexterity
 n - a +6 ring of dexterity
 o - a +6 ring of intelligence
 p - a +6 ring of intelligence
 q - a +6 ring of strength (left hand)
 r - a +6 ring of strength (right hand)
 J - the ring of Fist {Fire Stlth+}
   (You found it in the Dungeon)

   [ring of fire]

   Fire:      It enhances your fire magic.
   rF+:       It protects you from fire.
   rC-:       It makes you vulnerable to cold.
   Stlth+:    It makes you more stealthy.
 L - the ring of Dyfelece {rF++ EV+5 Slay+2}
   (You found it in the Dungeon)

   [ring of evasion]

   EV+5:      It affects your evasion (+5).
   Slay+2:    It affects your accuracy & damage with ranged weapons and melee
   (+2).
   rF++:      It greatly protects you from fire.
 N - the amulet of Limitation {Reflect Harm Will- Int+3 SH+5}
   (You found it in the Dungeon)

   [amulet of reflection]

   Reflect:   It reflects blocked missile attacks.
   Int+3:     It affects your intelligence (+3).
   Will-:     It decreases your willpower.
   SH+5:      It affects your SH (+5).
   Harm:      It increases damage dealt and taken.
Talismans
 M - a talisman of death
Wands
 s - a wand of mindburst (7)
 t - a wand of quicksilver (9)
 K - a wand of digging (6)
Scrolls
 j - 4 scrolls of blinking
 u - 4 scrolls of amnesia
 v - 7 scrolls of fog
 w - 5 scrolls of identify
 x - 2 scrolls of fear
 I - a scroll of brand weapon
Potions
 a - 2 potions of brilliance
 b - 2 potions of invisibility
 c - 3 potions of resistance
 d - 5 potions of might
 e - 10 potions of curing
 f - 9 potions of heal wounds
 g - 6 potions of haste
 h - 7 potions of magic
 i - a potion of berserk rage
Miscellaneous
 H - a sack of spiders (inert)


   Skills:
 + Level 14.9 Fighting
 - Level 18.0 Axes
 + Level 14.8 Armour
 + Level 14.9 Shields
 + Level 9.0 Evocations


You had 11 spell levels left.
You didn't know any spells.
Your spell library contained the following spells:

 Spells                   Type           Power      Damage    Failure   Level
 Freeze                   Ice            0%         1d3       100%        1
 Kiss of Death            Conj/Necr      0%         2d5       100%        1
 Sandblast                Erth           0%         2d4       100%        1
 Shock                    Conj/Air       0%         1d3       100%        1
 Ensorcelled Hibernation  Hex/Ice        0%         N/A       100%        2
 Confusing Touch          Hex            0%         N/A       100%        3
 Fugue of the Fallen      Necr           0%         N/A       100%        3
 Passwall                 Erth           0%         N/A       100%        3
 Stone Arrow              Conj/Erth      0%         3d7       100%        3
 Swiftness                Air            0%         N/A       100%        3
 Volatile Blastmotes      Fire/Tloc      0%         2d10      100%        3
 Airstrike                Air            0%         2d(0-16)  100%        4
 Anguish                  Hex/Necr       0%         N/A       100%        4
 Brom's Barrelling Bould  Conj/Erth      0%         2d3       100%        4
 Dimensional Bullseye     Hex/Tloc       0%         N/A       100%        4
 Dispel Undead            Necr           0%         3d6       100%        4
 Summon Blazeheart Golem  Fire/Summ      0%         N/A       100%        4
 Vhi's Electric Charge    Tloc/Air       0%         N/A       100%        4
 Fireball                 Conj/Fire      0%         3d3       100%        5
 Freezing Cloud           Conj/Ice/Air   0%         6-21      100%        5
 Iskenderun's Battlesphe  Conj           0%         2d6       100%        5
 Conjure Ball Lightning   Conj/Air       0%         3x3d6     100%        6
 Dispersal                Tloc           0%         N/A       100%        6
 Sculpt Simulacrum        Ice/Alch       0%         N/A       100%        6
 Starburst                Conj/Fire      0%         6d3       100%        6
 Orb of Destruction       Conj           0%         9d5       100%        7
 Ozocubu's Refrigeration  Ice            0%         4d7       100%        7
 Dragon's Call            Summ           0%         N/A       100%        9
 Polar Vortex             Ice            0%         N/A       100%        9


Dungeon Overview and Level Annotations

Branches:
Dungeon (1/1)

Altars:
Ashenzari
Cheibriados
Dithmenos
Elyvilon
Fedhas
Gozag
Hepliaklqana
Kikubaaqudgha
Makhleb
Nemelex Xobeh
Okawaru
Qazlal
Ru
Sif Muna
Trog
Uskayaw
Vehumet
Wu Jian
Xom
Yredelemnul
Zin
The Shining One
Jiyva
Lugonu


Innate Abilities, Weirdness & Mutations

You have a pair of horns on your head.
Potions are less effective at restoring your health.
You are sensitive to extremes of temperature. (rF-, rC-)
You reflexively headbutt those who attack you in melee.


Message History

Your system partially rejects the healing.
You feel much better.
The salamander tyrant rends the earth beneath you!
The blast of magma engulfs you!! You partially resist.
Your redback closely misses the searing wretch.
Unknown command.
Your system partially rejects the healing.
You feel much better. The hell hog breathes fire at you.
The fireball explodes!
The fireball engulfs you! You resist.
* * * LOW HITPOINT WARNING * * *
The salamander tyrant gazes fiercely through you!
You feel your attacks grow feeble. The balrug gestures at you.
Something smites you!
* * * LOW HITPOINT WARNING * * *
The fire giant gestures at you while chanting.
The fireball explodes!
The fireball engulfs your redback!!
Your redback dies!
Your redback's corpse disappears in a puff of smoke!
The fireball engulfs the balrug.
The balrug completely resists.
The hell hog breathes fire at you.
The fireball explodes!
The fireball engulfs you! You resist.
* * * LOW HITPOINT WARNING * * *
The Tzitzimitl begins to attack, but is stunned by your conviction!
Your system partially rejects the healing.
You feel much better.
The fire giant points at you and mumbles some strange words.
The bolt of fire hits the hell hog.
The hell hog completely resists.
The bolt of fire hits you!! You resist.
* * * LOW HITPOINT WARNING * * *
The dread lich mumbles some strange words.
Unknown command.
Your system partially rejects the healing.
You feel much better.
The salamander tyrant gazes fiercely through you!
You feel as though you will be weak longer.
The dread lich casts a spell.
The searing wretch claws you!
You die...

▓....))|..▓
▓..)=))2..▓...[):...▓
▓.........▓......^..▓
▓........2▓.........▓
▓..1§N2...▓.........▓
▓...CC.L..▓.........▓
▓..§.h§...▓.▓.....▓.▓
▓.▓h≈2≈h▓.▓....©....▓
▓..§n@.§..▓▓▓▓▓▓▓▓▓▓▓
▓▓▓▓▓▓▓▓▓▓▓


You could see a searing wretch, a dread lich, a Tzitzimitl (summoned), a
cacodemon (summoned), 2 fire giants, a balrug, a reaper (summoned), a salamander
tyrant, 3 hell hogs and a tormentor (paralysed).

Vanquished Creatures
  A lich (D)
  8 spriggans (D)
  A shadow wraith (D)
  2 merfolk (D)
  3 hornets (D)
  4 black bears (D)
  2 small abominations (D)
  7 wolves (D)
  2 bullfrogs (D)
  A river rat (D)
  A white imp (D)
  An ufetubus (D)
  A bat skeleton (D)
  A jackal (D)
  A ball python (D)
  A ball python skeleton (D)
37 creatures vanquished.

Vanquished Creatures (collateral kills)
  An ugly thing (D)
  A smoke demon (D)
  3 merfolk (D)
  2 spriggans (D)
  A fire bat (shapeshifter) (D)
  A water moccasin (D)
  2 wolves (D)
  A necrophage (D)
  A wight (D)
  A crimson imp (D)
  2 adders (D)
  A shadow imp (D)
  A white imp (D)
  A bat zombie (D)
  A ball python skeleton (D)
20 creatures vanquished.

Grand Total: 57 creatures vanquished

Notes
Turn   | Place    | Note
-------+----------+-------------------------------------------
     0 | D        | Turgor the Minotaur Fighter began the quest for the Orb.
     0 | D        | Reached XP level 1. HP: 19/19 MP: 0/0
     0 | D        | Banished a spatial maelstrom
    13 | D        | Found a shimmering blue altar of Sif Muna.
    13 | D        | Found a sacrificial altar of Ru.
    13 | D        | Found a bloodstained altar of Trog.
    13 | D        | Found a stormy altar of Qazlal.
    13 | D        | Found an iron altar of Okawaru.
    13 | D        | Found a sparkling altar of Nemelex Xobeh.
    13 | D        | Found a blossoming altar of Fedhas.
    13 | D        | Found the +6 Majin-Bo {spellvamp, MP+6 Int+6}
    13 | D        | Found the +27 heavy crossbow "Sniper" {heavy, Acc+∞ SInv}
    13 | D        | Found the +10 dark maul {heavy}
    13 | D        | Found the +15 Maxwell's patent armour {-Cast -Tele rElec
                  | Will+ rCorr}
    13 | D        | Found the +18 shield of the Gong {Loud rN+ Will+ rCorr
                  | EV-5}
    13 | D        | Found the +16 obsidian axe {drain, demonic, Mesm ^Drain Fly
                  | SInv}
    13 | D        | Found the +7 great mace "Firestarter" {flame, immolate,
                  | rFlCloud rF++}
    13 | D        | Found the +6 shillelagh "Devastator" {shatter}
    13 | D        | Found the +11 plutonium sword {^Contam Stlth-}
    13 | D        | Found the +8 lance "Wyrmbane" {slay drac, rPois rF+ rC+
                  | AC+3}
    13 | D        | Found the +9 sword of Zonguldrok {reap}
    13 | D        | Found the +13 scythe of Curses {drain, curses, ^Drain}
    13 | D        | Found the +9 sword of Power {lifebolt}
    13 | D        | Found the +7 mace of Variability {chaos, chaos arc}
    13 | D        | Found the +11 Singing Sword {sonic wave}
    13 | D        | Found the +8 storm bow {elec, penet}
    15 | D        | Found an ancient bone altar of Kikubaaqudgha.
    15 | D        | Found a transporter.
    15 | D        | Found a corrupted altar of Lugonu.
    15 | D        | Found a viscous altar of Jiyva.
    15 | D        | Found a burning altar of Makhleb.
    15 | D        | Found a hazy altar of Hepliaklqana.
    15 | D        | Found an opulent altar of Gozag.
    22 | D        | Became a worshipper of Ru the Awakened
    65 | D        | Entered arena 2.
    65 | D        | Noticed a fire bat
    65 | D        | Noticed a green ugly thing
    65 | D        | Found a transporter.
    68 | D        | Killed a fire bat
    69 | D        | Reached skill level 7 in Axes
    69 | D        | Reached XP level 2. HP: 30/31 MP: 1/1
    69 | D        | Reached XP level 3. HP: 37/38 MP: 2/2
    69 | D        | Reached XP level 4. HP: 44/45 MP: 3/3
    69 | D        | Reached XP level 5. HP: 50/51 MP: 4/4
    69 | D        | Killed a green ugly thing
    70 | D        | Reached skill level 11 in Axes
    70 | D        | Reached XP level 6. HP: 61/62 MP: 5/5
   129 | D        | Entered arena 3.
   129 | D        | Found a transporter.
   131 | D        | Reached XP level 7. HP: 69/69 MP: 6/6
   138 | D        | Entered arena 4.
   138 | D        | Found the +7 sceptre of Torment {pain, torment}
   138 | D        | Found a transporter.
   143 | D        | Reached skill level 12 in Axes
   153 | D        | Got the Tractate on Dusty Soot
   156 | D        | Entered arena 5.
   156 | D        | Found a transporter.
   161 | D        | Reached skill level 1 in Evocations
   168 | D        | Entered arena 6.
   168 | D        | Noticed a merfolk
   168 | D        | Noticed a merfolk
   168 | D        | Noticed a merfolk
   168 | D        | Noticed a merfolk
   168 | D        | Noticed a merfolk
   168 | D        | Found a transporter.
   171 | D        | Killed a merfolk
   172 | D        | Reached skill level 13 in Axes
   172 | D        | Killed a merfolk
   173 | D        | Reached skill level 10 in Fighting
   173 | D        | Reached skill level 10 in Armour
   173 | D        | Reached skill level 10 in Shields
   173 | D        | Reached XP level 8. HP: 79/79 MP: 7/7
   174 | D        | Killed a merfolk
   175 | D        | Reached skill level 14 in Axes
   176 | D        | Killed a merfolk
   176 | D        | Killed a merfolk
   179 | D        | Got Qaklupo's Elucidation of Firn and the Congregation
   186 | D        | Entered arena 7.
   186 | D        | Noticed a spriggan rider
   187 | D        | Found a transporter.
   189 | D        | Reached XP level 9. HP: 89/89 MP: 8/8
   192 | D        | Reached skill level 15 in Axes
   194 | D        | Killed a spriggan rider
   195 | D        | Reached skill level 16 in Axes
   195 | D        | Reached skill level 5 in Evocations
   200 | D        | Got the Parchment of Places and the Swarm
   203 | D        | Gained mutation: You are sensitive to extremes of
                  | temperature. (rF-, rC-) [Ru sacrifice]
   203 | D        | Reached * piety under Ru
   203 | D        | Reached ** piety under Ru
   204 | D        | Entered arena 8.
   212 | D        | Found a transporter.
   230 | D        | Entered arena 9.
   230 | D        | Noticed a spriggan rider
   236 | D        | Reached skill level 17 in Axes
   236 | D        | Reached XP level 10. HP: 100/100 MP: 9/9
   236 | D        | Found a transporter.
   239 | D        | Killed a spriggan rider
   245 | D        | Got the ring of Fist {Fire Stlth+}
   249 | D        | Entered arena 10.
   249 | D        | Noticed a spriggan rider
   256 | D        | Found a transporter.
   260 | D        | Reached skill level 18 in Axes
   267 | D        | Got the ring of Dyfelece {rF++ EV+5 Slay+2}
   271 | D        | Gained mutation: Potions are less effective at restoring
                  | your health. [Ru sacrifice]
   273 | D        | Got the amulet of Limitation {Reflect Harm Will- Int+3
                  | SH+5}
   283 | D        | Entered arena 11.
   283 | D        | Found the +4 consecrated labrys {holy, Valiant ^Fragile Fly
                  | SInv}
   283 | D        | Noticed a smoke demon
   283 | D        | Noticed a lich
   283 | D        | Noticed a shadow wraith
   290 | D        | Killed a shadow wraith
   291 | D        | Killed a smoke demon
   293 | D        | Found a transporter.
   298 | D        | Killed a lich
   299 | D        | Reached XP level 11. HP: 6/111 MP: 10/10
   572 | D        | Got the Tractate on Impulse
   581 | D        | Reached XP level 12. HP: 95/95 MP: 11/11
   583 | D        | Entered arena 12.
   583 | D        | Noticed a fire giant
   583 | D        | Noticed a hell hog
   583 | D        | Noticed a fire giant
   583 | D        | Noticed a searing wretch
   583 | D        | Noticed a balrug
   583 | D        | Noticed a dread lich
   584 | D        | Noticed a hell hog
   585 | D        | Noticed a hell hog
   586 | D        | Noticed a salamander tyrant
   587 | D        | Noticed a Tzitzimitl
   589 | D        | HP: 1/95 [fire giant/bolt of fire (18)]
   590 | D        | Noticed a reaper
   590 | D        | Slain by a searing wretch

Illustrated notes

Levels and vault maps discovered:
D:        sprint_v [room_start, room_1, room_2, room_3, room_4, room_5, room_6,
          room_7, room_8, room_9, room_10, room_11, room_12, room_13, room_14,
          room_15, room_16, room_17, room_18, room_19, room_20, room_21,
          room_22, room_23, room_24, room_25, room_26, room_27]

Skill      XL: |  1  2  3  4  5  6  7  8  9 10 11 |
---------------+----------------------------------+-----
Fighting       | 6 8 10 11 12 14 | 14.9
Axes           | 7 11 13 14 17 18 | 18.0
Armour         | 6 8 10 11 12 14 | 14.8
Shields        | 6 8 10 11 12 14 | 14.9
Evocations     | 2 4 6 8 9 |  9.0

Action                     |  1- 3 |  4- 6 |  7- 9 | 10-12 || total
---------------------------+-------+-------+-------+-------++-------
  Melee: Broad axe         |     2 |     1 |    21 |    19 ||    43
         Headbutt          |       |       |     3 |     1 ||     4
 Invoke: Sacrifice Resista |       |       |     1 |       ||     1
         Sacrifice Purity  |       |       |       |     1 ||     1
  Evoke: Sack of spiders   |       |       |     1 |     2 ||     3
         Wand              |       |       |     1 |       ||     1
    Use: Potion            |     1 |       |     1 |     8 ||    10
 Armour: Gold dragon scale |     3 |       |     6 |    22 ||    31
  Dodge: Dodged            |       |       |     2 |       ||     2
  Block: Buckler           |     4 |       |       |       ||     4
         Kite shield       |       |       |    22 |    23 ||    45
